Map: Pylon LE

Players

ManlyManMeat

  • Race: Terran Terran
  • League: Master
  • Spawn Location: 5:00

VOD

Have the link to the VOD?

Description

Time

  • Played on: May 22, 2025, 1:42 p.m.
  • Length: 4:52
Show
View Real Time Build Order
Export as new Build Order

ManlyManMeat Terran 

Build Orders:  

Get SALT Encoding   

  12  0:01  SCV  
  13  0:18  SCV  
  14  0:24  Supply Depot  
  14  0:35  SCV  
  15  0:54  SCV  
  15  0:56  Barracks  
  16  1:01  Refinery  
  16  1:11  SCV  
  17  1:28  SCV  
  18  1:45  SCV  
  19  2:02  Orbital Command  
  19  2:06  Reaper  
  20  2:21  Command Center  
  20  2:33  Supply Depot  
  20  2:39  SCV  
  21  2:46  Marine  
  22  2:56  SCV  
  23  3:07  Factory  
  23  3:13  SCV  
  23  3:19  Barracks Reactor  
  24  3:24  Unknown  
  24  3:30  SCV  
  25  3:47  Command Center  
  25  3:54  SCV  
  26  4:01  Orbital Command  
  26  4:11  SCV  
  26  4:16  Barracks  
  27  4:28  SCV  
  33  4:46  Refinery  
Tags
 
League
Master
Matchup
Co-op
Add a new tag
Caveats
  • Supply blocks, unpowered buildings, or Contaminate may cause inaccurate times.
  • Supply counts are checked every 10 seconds.